 Dungeon Crawl Stone Soup version 0.24.0-123-gd5b16e6ec5 (webtiles) character file.

Game seed: 13939767031010085722, levelgen mode: deterministic

59836 Curus the Basher (level 14, -1/127 HPs)
             Began as a Minotaur Fighter on Jan 10, 2020.
             Was the Champion of Makhleb.
             Slain by an orc warlord
             ... wielding a +0 long sword
              (4 damage)
             ... on level 1 of the Orcish Mines.
             The game lasted 01:41:44 (16114 turns).

Curus the Basher (Minotaur Fighter)                Turns: 16114, Time: 01:41:44

Health: -1/127     AC: 23    Str: 26    XL:     14   Next: 54%
Magic:  23/23      EV:  7    Int:  7    God:    Makhleb [******]
Gold:   1000       SH: 20    Dex: 15    Spells: 13/13 levels left

rFire    + + .     SeeInvis .   B - +4 flail (flame)
rCold    + . .     Gourm    .   C - +7 shield "Lifij" {rPois rN+ MR+}
rNeg     + . .     Faith    .   S - +2 plate armour {rF+}
rPois    +         Spirit   .   (helmet restricted)
rElec    .         Reflect  .   (no cloak)
rCorr    .         Harm     .   i - +0 pair of gloves
MR       ++...                  P - +1 pair of boots {Stlth+}
Stlth    ..........             g - amulet of the acrobat
HPRegen  0.31/turn              G - ring of protection from fire
MPRegen  0.18/turn              x - ring of protection from cold

@: mighty, about to teleport
A: retaliatory headbutt, horns 2, iridescent scales 1, agile 1, MP-powered wands
a: Minor Destruction, Lesser Servant of Makhleb, Major Destruction, Greater
Servant of Makhleb, Renounce Religion


You were on level 1 of the Orcish Mines.
You worshipped Makhleb.
Makhleb was exalted by your worship.
You were not hungry.

You visited 4 branches of the dungeon, and saw 18 of its levels.
You also visited: Volcano.

You collected 1584 gold pieces.
You spent 584 gold pieces at shops.

Inventory:

Hand Weapons
 a - a +2 flail
 B - a +4 flail of flaming (weapon)
 H - a -2 flail
Armour
 b - a +0 scale mail
 c - a +0 shield
 i - a +0 pair of gloves (worn)
 C - the +7 shield "Lifij" (worn) {rPois rN+ MR+}
   (You took it off an orc on level 8 of the Dungeon)

   It protects you from poison.
   It protects you from negative energy.
   It affects your resistance to hostile enchantments.
 D - a +0 chain mail
 F - a +0 plate armour
 M - the +0 pair of boots of Dishonour {rC- Str+3 Int+3}
   (You acquired it on level 4 of the Lair of Beasts)

   It affects your strength (+3).
   It affects your intelligence (+3).
   It makes you vulnerable to cold.
 P - a +1 pair of boots of stealth (worn)
 Q - a +2 chain mail of fire resistance
 S - a +2 plate armour of fire resistance (worn)
 T - a +2 hat
Jewellery
 g - an amulet of the acrobat (around neck)
 j - a cursed amulet of inaccuracy
 x - a ring of protection from cold (right hand)
 y - a +1 ring of protection
 A - an uncursed ring of see invisible
 E - an uncursed ring of protection from magic
 G - a ring of protection from fire (left hand)
 K - an uncursed amulet of harm
 R - an uncursed ring of flight
Wands
 q - a wand of paralysis (10)
 N - a wand of enslavement (17)
 U - a wand of polymorph (7)
Scrolls
 h - 18 scrolls of identify
 l - 2 scrolls of blinking
 n - 5 scrolls of teleportation
 o - 3 scrolls of magic mapping
 p - 6 scrolls of amnesia
 t - 7 scrolls of remove curse
 u - a scroll of random uselessness
 v - 4 scrolls of fear
 z - 2 scrolls of fog
 J - 2 scrolls of silence
 O - 3 scrolls of holy word
Potions
 d - a potion of resistance
 e - 4 potions of lignification
 k - 5 potions of flight
 m - 3 potions of mutation
 r - 2 potions of curing
 s - 2 potions of agility
 w - a potion of cancellation
 I - 2 potions of ambrosia
Comestibles
 f - 39 rations
 L - 2 chunks of flesh


   Skills:
 + Level 12.6 Fighting
 - Level 14.0 Maces & Flails
 + Level 12.6 Armour
 - Level 10.0 Shields
 - Level 14.0 Invocations
 - Level 7.1 Evocations


You had 13 spell levels left.
You didn't know any spells.
Your spell library contained the following spells:

 Spells                   Type           Power        Failure   Level  Hunger
 Animate Skeleton         Necr           N/A          100%        1    ##.....
 Apportation              Tloc           #.....       100%        1    ##.....
 Confusing Touch          Hex            #.....       100%        1    ##.....
 Pain                     Necr           #...         100%        1    ##.....
 Summon Butterflies       Summ           #.......     100%        1    ##.....
 Summon Small Mammal      Summ           #...         100%        1    ##.....
 Call Canine Familiar     Summ           #.......     100%        3    ####...
 Regeneration             Chrm/Necr      #.........   100%        3    ####...
 Vampiric Draining        Necr           #.........   100%        3    ####...
 Animate Dead             Necr           N/A          100%        4    #####..
 Summon Ice Beast         Ice/Summ       #.......     100%        4    #####..
 Bolt of Magma            Conj/Fire/Erth #.........   100%        5    ######.
 Iskenderun's Battlesphe  Conj/Chrm      #.......     100%        5    ######.
 Summon Mana Viper        Hex/Summ       #.......     100%        5    ######.
 Venom Bolt               Conj/Pois      #.........   100%        5    ######.
 Iron Shot                Conj/Erth      #.........   100%        6    #######
 Orb of Destruction       Conj           #.........   100%        7    #######
 Spellforged Servitor     Conj/Summ      #.........   100%        7    #######
 Summon Hydra             Summ           #.........   100%        7    #######


Dungeon Overview and Level Annotations

Branches:
Dungeon (10/15)            Temple (1/1) D:5            Lair (6/6) D:10
  Swamp (0/4) Lair:2       Spider (0/4) Lair:4        Slime (0/5) Lair:6
    Orc (1/2) D:9         Volcano (visited)

Altars:
Ashenzari
Cheibriados
Dithmenos
Elyvilon
Fedhas
Gozag
Hepliaklqana
Kikubaaqudgha
Makhleb
Nemelex Xobeh
Okawaru
Ru
Sif Muna
Trog
Uskayaw
Vehumet
Wu Jian
Xom
Yredelemnul
Zin
The Shining One
Beogh

Shops:
D:5 ?*!   D:6 *


Innate Abilities, Weirdness & Mutations

You reflexively headbutt those who attack you in melee.
You have a pair of horns on your head.
You are partially covered in iridescent scales. (AC +2)
You are agile. (Dex +2)
You expend magic power (3 MP) to strengthen your wands.


Message History

The orc warrior barely misses you.
The orc closely misses your smoke demon.
You block the orc warrior's attack.
Your smoke demon hits the orc warlord but does no damage. x3
You block the orc's attack.
The orc warlord hits you with a +0 long sword.
* * * LOW HITPOINT WARNING * * *
You feel better. You block the warg's attack.
You block the orc warrior's attack.
The orc hits your smoke demon but does no damage.
Your smoke demon barely misses the orc.
Your smoke demon hits the orc.
Your smoke demon misses the orc.
The orc warrior hits you from afar with a +0 halberd!
* * * LOW HITPOINT WARNING * * *
You hit the orc warlord but do no damage.
You headbutt the orc warlord, but do no damage.
The orc warlord is heavily wounded.
You block the warg's attack. You block the orc's attack.
The orc warlord hits you with a +0 long sword.
You die...

#........# #........# .....
####.......#
.....##.#.......#
#....#........# ..........o)#
##### #.......oo#.# #.#.##
#......3oh### #....##
#.....)o@# ##.....#
####...)o## ####......##
#...).))######..........#
##..........###........###
..............##........[)..
.....)..##.............#..).#
.......###............##.....
....... #...........####....
....... #...^.......# ##....


You could see an orc warlord, a warg, 2 orc warriors, an orc priest, 2 orcs and
a friendly smoke demon.

Vanquished Creatures
  Gastronok (Orc:1)
  2 orc warlords (Orc:1)
  A fire dragon (Lair:6)
  6 hydras
  An anaconda (Lair:6)
  A catoblepas (Lair:6)
  A two-headed ogre (D:9)
  7 death yaks
  Urug (Lair:2)
  A hell hog (Volcano)
  Nergalle (D:10)
  3 fire crabs
  An unseen horror (D:10)
  A wolf spider (Lair:4)
  4 black mambas
  2 torpor snails (Lair:6)
  Psyche (D:10)
  2 molten gargoyles (Volcano)
  8 spiny frogs
  12 komodo dragons
  5 rime drakes
  9 polar bears (Lair:6)
  3 trolls (Orc:1)
  Prince Ribbit (D:5)
  3 raiju (Lair:6)
  7 hippogriffs
  8 blink frogs (Lair:6)
  A spriggan (D:7)
  43 yaks
  Sigmund (D:6)
  Eustachio (D:5)
  5 basilisks
  6 fire bats (Volcano)
  2 hungry ghosts
  2 steam dragons (Lair:6)
  Menkaure (D:4)
  6 wargs
  An acid dragon (Lair:6)
  Duvessa (D:4)
  6 water moccasins
  11 porcupines
  17 hell hounds
  2 ice beasts
  11 orc warriors
  12 black bears
  2 sky beasts
  A phantom (D:6)
  3 centaurs
  7 ogres
  24 wolves
  11 crocodiles
  A big kobold (D:10)
  21 bullfrogs
  Dowan (D:4)
  8 scorpions
  A wyvern skeleton (D:6)
  A killer bee (D:9)
  20 wights
  3 howler monkeys (D:8)
  4 crimson imps
  6 lava snakes (Volcano)
  3 centaur zombies
  3 bullfrog zombies
  A bullfrog skeleton (D:5)
  4 hounds
  3 centaur skeletons
  14 orc priests
  14 worker ants
  9 iguanas
  14 orc wizards
  6 hell rats (Lair:6)
  2 yak simulacra (Lair:3)
  4 wolf simulacra (Lair:3)
  A hound zombie (D:6)
  14 adders
  11 gnolls
  A shadow imp (D:6)
  2 oozes
  An adder skeleton (D:8)
  6 worms
  2 dart slugs (D:1)
  9 leopard geckos
  51 orcs
  6 giant cockroaches
  8 goblins
  13 hobgoblins
  5 jackals
  11 kobolds
  4 quokkas
  3 ball pythons
  11 bats
  4 frilled lizards
  A leopard gecko skeleton (D:8)
  6 rats
  5 river rat simulacra (Lair:3)
588 creatures vanquished.

Vanquished Creatures (collateral kills)
  A swamp dragon (Lair:6)
  An orc warrior (Orc:1)
  A bullfrog (Lair:2)
  2 orcs (Orc:1)
5 creatures vanquished.

Vanquished Creatures (others)
  A necromancer (Lair:3)
  A swamp drake (Lair:6)
  2 killer bees (D:9)
  A bush (Lair:6)
  9 fungi
  13 plants (Lair:6)
27 creatures vanquished.

Grand Total: 620 creatures vanquished

Notes
Turn   | Place    | Note
-------+----------+-------------------------------------------
     0 | D:1      | Curus the Minotaur Fighter began the quest for the Orb.
     0 | D:1      | Reached XP level 1. HP: 19/19 MP: 0/0
   104 | D:1      | Reached XP level 2. HP: 26/26 MP: 1/1
   354 | D:1      | Reached XP level 3. HP: 26/31 MP: 2/2
   820 | D:2      | Found a faded altar of an unknown god.
  1173 | D:2      | Reached skill level 5 in Maces & Flails
  1507 | D:2      | Reached XP level 4. HP: 39/39 MP: 3/3
  1606 | D:2      | Found a shimmering blue altar of Sif Muna.
  1774 | D:3      | Found a shadowy altar of Dithmenos.
  1884 | D:3      | Gained mutation: You are partially covered in iridescent
                  | scales. (AC +2) [potion of mutation]
  1884 | D:3      | Gained mutation: You are agile. (Dex +2) [potion of
                  | mutation]
  1884 | D:3      | Gained mutation: You expend magic power (3 MP) to
                  | strengthen your wands. [potion of mutation]
  2306 | D:3      | Reached XP level 5. HP: 28/45 MP: 4/4
  2764 | D:4      | Noticed Menkaure
  2775 | D:4      | Killed Menkaure
  2775 | D:4      | Reached XP level 6. HP: 14/51 MP: 5/5
  3003 | D:4      | Noticed Duvessa
  3011 | D:4      | Noticed Dowan
  3024 | D:4      | Killed Duvessa
  3024 | D:4      | Reached XP level 7. HP: 38/57 MP: 6/6
  3038 | D:4      | Killed Dowan
  3112 | D:4      | Reached skill level 10 in Maces & Flails
  3701 | D:5      | Entered Level 5 of the Dungeon
  3743 | D:5      | Found Yzxurim's Distillery.
  3751 | D:5      | Bought a potion of curing for 42 gold pieces
  3751 | D:5      | Bought a potion of curing for 42 gold pieces
  3751 | D:5      | Bought a potion of curing for 42 gold pieces
  3751 | D:5      | Bought a potion of agility for 56 gold pieces
  3758 | D:5      | Reached XP level 8. HP: 53/64 MP: 7/7
  4013 | D:5      | Found a staircase to the Ecumenical Temple.
  4031 | Temple   | Entered the Ecumenical Temple
  4045 | Temple   | Became a worshipper of Makhleb the Destroyer
  4117 | D:5      | Found an iron altar of Okawaru.
  4253 | D:5      | Noticed Prince Ribbit
  4565 | D:5      | Found Nadan's Magic Scroll Emporium.
  4586 | D:5      | Bought a scroll of fear for 38 gold pieces
  4622 | D:5      | Reached * piety under Makhleb
  4638 | D:5      | Found a hide-covered altar of Uskayaw.
  4647 | D:5      | Killed Prince Ribbit
  4771 | D:5      | Noticed Eustachio
  4797 | D:5      | Killed Eustachio
  4797 | D:5      | Reached XP level 9. HP: 60/70 MP: 8/8
  4833 | D:5      | Found Fiwn's Assorted Antiques.
  5164 | D:6      | Found Abrar's General Store.
  5180 | D:6      | Bought a scroll of teleportation for 39 gold pieces
  5339 | D:6      | Noticed Sigmund
  5347 | D:6      | Killed Sigmund
  5454 | D:7      | Reached skill level 5 in Fighting
  5454 | D:7      | Reached skill level 5 in Armour
  5551 | D:7      | Reached ** piety under Makhleb
  6356 | D:8      | Reached XP level 10. HP: 71/86 MP: 9/9
  6450 | D:8      | Reached *** piety under Makhleb
  6455 | D:8      | Identified the +7 shield "Lifij" {rPois rN+ MR+}
  7187 | D:9      | Found a staircase to the Orcish Mines.
  7211 | D:9      | Found a white marble altar of Elyvilon.
  7296 | D:9      | Found a basalt altar of Yredelemnul.
  7438 | D:9      | Noticed a two-headed ogre
  7485 | D:9      | Killed a two-headed ogre
  7485 | D:9      | Reached skill level 10 in Fighting
  7485 | D:9      | Reached skill level 10 in Armour
  7714 | D:10     | Entered Level 10 of the Dungeon
  7723 | D:10     | Reached XP level 11. HP: 98/101 MP: 10/10
  7982 | D:10     | Found a staircase to the Lair.
  7985 | D:10     | Noticed Nergalle
  8042 | D:10     | Killed Nergalle
  8042 | D:10     | Reached **** piety under Makhleb
  8153 | D:6      | Bought an uncursed ring of protection from magic for 325
                  | gold pieces
  8377 | D:10     | Noticed an unseen horror
  8394 | D:10     | Killed an unseen horror
  8452 | Lair:1   | Entered Level 1 of the Lair of Beasts
  8460 | Lair:1   | Reached skill level 1 in Invocations
  8519 | Lair:1   | You fall into a shaft and drop 1 floor!
  8527 | Lair:2   | Found a staircase to the Swamp.
  8541 | Lair:2   | Noticed a five-headed hydra
  8552 | Lair:2   | Killed a five-headed hydra
  8552 | Lair:2   | Reached skill level 5 in Shields
  8562 | Lair:2   | Noticed Urug
  8585 | Lair:2   | Killed Urug
  8986 | Lair:1   | Noticed a five-headed hydra
  9003 | Lair:1   | Killed a five-headed hydra
  9038 | Lair:1   | Reached skill level 5 in Invocations
  9389 | Lair:2   | Reached XP level 12. HP: 96/110 MP: 15/15
 10296 | Lair:3   | Reached ***** piety under Makhleb
 10757 | Lair:4   | Reached skill level 10 in Shields
 10783 | Lair:4   | Reached skill level 1 in Evocations
 10793 | Lair:4   | Identified a scroll of acquirement
 10794 | Lair:4   | Got a pair of transparent boots
 10800 | Lair:4   | Identified the +0 pair of boots of Dishonour {rC- Str+3
                  | Int+3} (You acquired it on level 4 of the Lair of Beasts)
 10827 | Lair:4   | Found a hole to the Spider Nest.
 10851 | Lair:4   | Noticed a four-headed hydra
 10866 | Lair:4   | Killed a four-headed hydra
 11382 | Lair:5   | Noticed a four-headed hydra
 11391 | Lair:5   | Killed a four-headed hydra
 11403 | Lair:5   | Noticed an eight-headed hydra
 11412 | Lair:5   | Killed an eight-headed hydra
 11716 | Lair:5   | Noticed a death yak
 11719 | Lair:5   | Noticed a death yak
 11719 | Lair:5   | Noticed a death yak
 11730 | Lair:5   | Killed a death yak
 11746 | Lair:5   | Killed a death yak
 11746 | Lair:5   | Reached XP level 13. HP: 89/116 MP: 19/19
 11764 | Lair:5   | Reached skill level 5 in Evocations
 12540 | Lair:6   | Entered Level 6 of the Lair of Beasts
 12561 | Lair:6   | Reached skill level 10 in Invocations
 12739 | Lair:6   | Found a dark tunnel.
 12747 | Volcano  | Entered a volcano
 13021 | Volcano  | Found a bloodstained altar of Trog.
 13513 | Lair:6   | Reached ****** piety under Makhleb
 13701 | Lair:6   | Found a staircase to the Slime Pits.
 13891 | Lair:6   | Noticed a fire dragon
 13921 | Lair:6   | HP: 4/174 [fire dragon/blast of flame (8)]
 13925 | Lair:6   | Killed a fire dragon
 13925 | Lair:6   | Reached XP level 14. HP: 4/124 MP: 22/22
 13926 | Lair:6   | HP: 3/186 [poisoned by a swamp dragon (blast of poison)]
 13931 | Lair:6   | HP: 2/124 [poisoned by a swamp dragon (blast of poison)]
 13937 | Lair:6   | HP: 1/124 [poisoned by a swamp dragon (blast of poison)]
 13942 | Lair:6   | HP: 2/124 [poisoned by a swamp dragon (blast of poison)]
 15557 | D:10     | Noticed Psyche
 15565 | D:10     | Killed Psyche
 15589 | D:10     | Found a roughly hewn altar of Beogh.
 15721 | Orc:1    | Entered Level 1 of the Orcish Mines
 15782 | Orc:1    | Noticed an orc warlord
 15812 | Orc:1    | Killed an orc warlord
 15948 | Orc:1    | Noticed Gastronok
 15973 | Orc:1    | Killed Gastronok
 16000 | Orc:1    | Noticed an orc warlord
 16031 | Orc:1    | Killed an orc warlord
 16092 | Orc:1    | Noticed an orc warlord
 16111 | Orc:1    | HP: 4/127 [warg[an orc warlord] (5)]
 16112 | Orc:1    | HP: 1/127 [orc warlord/+0 long sword (4)]
 16114 | Orc:1    | Slain by an orc warlord

Levels and vault maps discovered:
D:1:      roderic_octagonal_star, layout_basic
D:2:      layout_basic, lemuel_coloured_pillars_altar,
          chequers_ecumenical_altar_simple_redux
D:3:      layout_loops_ring, old_standard_altar, first_ration,
          minmay_goblin_kobold_house
D:4:      layout_basic, sigmund_army, uniq_duvessa, uniq_menkaure
D:5:      minmay_angry_zag, layout_basic, old_standard_altar,
          okawaru_ov_weapons_minmay, minmay_temple_entry_purple_smoke,
          serial_shops, shop_scrolls, nicolae_shop_statue_plus, shop,
          uniq_prince_ribbit1, uniq_eustachio
D:6:      layout_rooms, serial_shops, shop, uniq_sigmund
D:7:      wander_river, layout_loops_ring, the_bakery
D:8:      layout_rooms, minmay_splitting_lines
D:9:      layout_roguey, kennysheep_ying_yang, orc_0_dummy,
          lemuel_flamethrower_2
D:10:     layout_small_grid, lair_entry_dummy, minmay_misc_feat_x,
          minmay_misc_feat_encased, minmay_crystal_room,
          david_defended_altar_orc, uniq_psyche, uniq_nergalle
Temple:   lightli_temple_of_artemis
Lair:1:   layout_cave_shapes, serial_bayou_shore_b
Lair:2:   layout_cave_pods, swamp_mist, uniq_urug
Lair:3:   layout_cave_shapes, eino_house_with_fridge
Lair:4:   layout_roguey, spider_nest_entry_rubble, grunt_megastairs_4,
          lemuel_fruit_tree
Lair:5:   layout_cave_shapes
Lair:6:   hangedman_lair_caniforms_friends, layout_loops_ring,
          guppyfry_lair_end_dragon, slime_dummy, serial_rivers,
          chequers_serial_rivers_marsh, chequers_serial_rivers_small_b,
          chequers_serial_rivers_small_b, chequers_serial_rivers_marsh,
          chequers_serial_rivers_micro_a, chequers_serial_rivers_micro_d,
          enter_volcano_1
Orc:1:    layout_diamond_mine, uniq_gastronok

Skill      XL: |  1  2  3  4  5  6  7  8  9 10 11 12 13 14 |
---------------+-------------------------------------------+-----
Maces & Flails | 3 4 5 6 8 9 11 13 14 | 14.0
Fighting       | 7 10 11 12 | 12.6
Armour         | 7 10 11 12 | 12.6
Invocations    | 5 9 13 14 | 14.0
Shields        | 8 10 | 10.0
Evocations     | 4 7 |  7.1

Action                   |  1- 3 |  4- 6 |  7- 9 | 10-12 | 13-15 || total
-------------------------+-------+-------+-------+-------+-------++-------
Melee: Flail             |    91 |   115 |   418 |   834 |   994 ||  2452
       Headbutt          |    10 |    15 |    71 |   202 |   243 ||   541
Invok: Minor Destruction |       |       |       |     7 |     5 ||    12
       Lesser Servant of |       |       |       |     1 |     4 ||     5
       Major Destruction |       |       |       |       |     2 ||     2
 Abil: Evoke Flight      |       |       |       |       |     1 ||     1
  Use: Scroll            |     5 |     4 |     3 |     8 |     3 ||    23
       Potion            |     4 |     4 |     3 |     1 |    11 ||    23
  Eat: Chunk             |     2 |     3 |     7 |    14 |    10 ||    36
       Ration            |       |     1 |     2 |     2 |     2 ||     7
Armor: Scale mail        |    16 |    36 |   147 |    44 |       ||   243
       Skin              |       |     1 |       |       |       ||     1
       Chain mail        |       |       |       |    86 |     1 ||    87
       Plate armour      |       |       |       |   192 |   436 ||   628
Dodge: Dodged            |    17 |    21 |   100 |   145 |   209 ||   492
Block: Shield            |    40 |    35 |   136 |   688 |  1027 ||  1926
